 Dungeon Crawl Stone Soup version 0.26-a0-1060-g086102a3f0 (webtiles) character file.

Game seed: 10592926604559836809

308 stormannn the Conjurer (level 6, 0/32 HPs)
             Began as a Deep Elf Conjurer on Dec 13, 2020.
             Slain by an orc priest
             ... wielding a +0 war axe
              (5 damage)
             ... on level 3 of the Dungeon.
             The game lasted 00:06:28 (3492 turns).

stormannn the Conjurer (Deep Elf Conjurer)          Turns: 3492, Time: 00:06:33

Health: 0/32       AC:  3    Str:  4    XL:     6   Next: 17%
Magic:  2/15       EV: 14    Int: 25    God:
Gold:   166        SH:  0    Dex: 13    Spells: 14/15 levels left

rFire    . . .     SeeInvis .   n - +1 morningstar (vamp)
rCold    . . .     Faith    +   (no shield)
rNeg     . . .     Spirit   .   i - +1 robe {Will+}
rPois    .         Reflect  .   (no helmet)
rElec    .         Harm     .   (no cloak)
rCorr    .         Rampage  .   (no gloves)
Will     +....                  (no boots)
Stlth    +++.......             l - amulet of faith (curse)
HPRegen  0.10/turn              (no ring)
MPRegen  0.14/turn              (no ring)

@: no status effects
A: no striking features
a: no special abilities


You were on level 3 of the Dungeon.
You visited 1 branch of the dungeon, and saw 3 of its levels.

You collected 166 gold pieces.

Inventory:

Hand Weapons
 b - a +0 dagger
 n - a +1 vampiric morningstar (weapon)
Armour
 i - a +1 robe of willpower (worn)
Jewellery
 l - a cursed amulet of faith (around neck)
Scrolls
 a - a scroll of enchant armour {unknown}
 c - 2 scrolls of remove curse {unknown}
 d - 3 scrolls of fog {unknown}
 e - a scroll of teleportation {unknown}
 f - a scroll of blinking {unknown}
 g - 2 scrolls of amnesia {unknown}
 j - 4 scrolls of identify {unknown}
 k - 2 scrolls of magic mapping {unknown}
Potions
 h - 2 potions of brilliance {unknown}
 m - a potion of invisibility {unknown}


   Skills:
 + Level 4.4 Dodging
 + Level 4.6 Stealth
 + Level 5.1 Spellcasting
 + Level 5.6 Conjurations


You had 14 spell levels left.
You knew the following spells:

 Your Spells              Type           Power        Failure   Level
a - Magic Dart            Conj           ####         1%          1

Your spell library contained the following spells:

 Spells                   Type           Power        Failure   Level
 Searing Ray              Conj           ####..       1%          2
 Dazzling Flash           Conj/Hex       ###...       8%          3
 Fulminant Prism          Conj/Hex       ###.......   26%         4
 Iskenderun's Mystic Bla  Conj/Tloc      ###.....     26%         4


Dungeon Overview and Level Annotations

Branches:
Dungeon (3/15)

Altars:
Cheibriados
Dithmenos
Elyvilon
Gozag
Kikubaaqudgha
Trog
Uskayaw
Yredelemnul

Annotations:
D:3 Ijyb


Message History

* * * LOW HITPOINT WARNING * * *
Casting: Magic Dart (safe; 1% risk of failure)
Confirm with . or Enter, or press ? or * to list all spells.
Aiming: Magic Dart (safe; 1% risk of failure)
Press: ? - help, Shift-Dir - straight line, f/p - orc priest
Aim: an orc priest, wielding a +0 war axe and wearing a +0 chain mail (heavily wounded, 0% to evade)
The magic dart hits the orc priest.
The orc priest is severely wounded.
The orc priest closely misses you.
A goblin comes into view. It is wielding a +0 club.
Okay, then.
Casting: Magic Dart (safe; 1% risk of failure)
Confirm with . or Enter, or press ? or * to list all spells.
Aiming: Magic Dart (safe; 1% risk of failure)
Press: ? - help, Shift-Dir - straight line, f/p - orc priest
Aim: an orc priest, wielding a +0 war axe and wearing a +0 chain mail (severely wounded, 0% to evade)
The magic dart hits the orc priest but does no damage.
The orc priest is severely wounded.
The orc priest hits you with a +0 war axe.
You die...

#.######..###
#.##......#
#.##.###.##
#.##.# #.#
#.##.###.#
#.##...[.####
#.##.####....
.###########.####
#.###
.g...Ko@.....#
#.# #
.#############
#.# # #.# # #.# #
#.### #.... #.###
###


You could see an orc priest, a goblin and a kobold.

Vanquished Creatures
  Sigmund (D:2)
  An orc priest (D:3)
  5 adders
  2 worms
  4 dart slugs
  A leopard gecko (D:3)
  8 orcs
  6 bats
  2 giant cockroaches (D:3)
  8 goblins
  3 hobgoblins
  4 quokkas
  2 frilled lizards
  7 kobolds
  7 rats
61 creatures vanquished.

Notes
Turn   | Place    | Note
-------+----------+-------------------------------------------
     0 | D:1      | stormannn the Deep Elf Conjurer began the quest for the
                  | Orb.
     0 | D:1      | Reached XP level 1. HP: 10/10 MP: 6/6
   280 | D:1      | Reached XP level 2. HP: 15/15 MP: 1/8
   930 | D:2      | Found a shadowy altar of Dithmenos.
   982 | D:2      | Reached XP level 3. HP: 14/19 MP: 2/10
  1248 | D:2      | Noticed Sigmund
  1256 | D:2      | Killed Sigmund
  1257 | D:2      | Reached skill level 5 in Conjurations
  1257 | D:2      | Reached XP level 4. HP: 1/24 MP: 3/12
  1257 | D:2      | Reached XP level 5. HP: 1/28 MP: 3/13
  1832 | D:2      | Found a snail-covered altar of Cheibriados.
  1839 | D:2      | Found a bloodstained altar of Trog.
  1846 | D:2      | Found a hide-covered altar of Uskayaw.
  1853 | D:2      | Found a basalt altar of Yredelemnul.
  1860 | D:2      | Found an ancient bone altar of Kikubaaqudgha.
  1865 | D:2      | Found an opulent altar of Gozag.
  1890 | D:2      | Found a white marble altar of Elyvilon.
  2583 | D:3      | Noticed Ijyb
  2797 | D:3      | Reached skill level 5 in Spellcasting
  2797 | D:3      | Reached XP level 6. HP: 17/32 MP: 10/15
  3492 | D:3      | Slain by an orc priest

Illustrated notes

Levels and vault maps discovered:
D:1:      dpeg_arrival_rooms_c, layout_basic, chequers_arboretum
D:2:      layout_basic, grunt_dithmenos_smoke, grunt_temple_overflow_octagram,
          minmay_tripent, uniq_sigmund
D:3:      layout_basic, uniq_ijyb

Skill      XL: |  1  2  3  4  5 |
---------------+----------------+-----
Dodging        | 3 4 |  4.4
Stealth        | 3 4 |  4.6
Spellcasting   | 4 5 |  5.1
Conjurations   | 5 |  5.6

Action                   |  1- 3 |  4- 6 || total
-------------------------+-------+-------++-------
Melee: Unarmed           |     1 |       ||     1
       Dagger            |     1 |     1 ||     2
       Morningstar       |       |     2 ||     2
 Cast: Magic Dart        |    46 |   106 ||   152
 Stab: Sleeping          |     1 |       ||     1
Armor: Robe              |       |     1 ||     1
Dodge: Dodged            |     7 |    11 ||    18

Table legend: (Time is in decaauts)
 A = Elapsed time spent in this place.
 B = Non-inter-level travel time spent in this place.
 C = Inter-level travel time spent in this place.
 D = Time resting spent in this place.
 E = Time spent auto-exploring this place.
 F = Levels seen in this place.
 G = Mean time per level.
                   A        B        C        D        E       F      G
               +--------+--------+--------+--------+--------+-----+--------+
         Total |   3492 |   3382 |    110 |   1442 |   1549 |   3 | 1164.0 |
       Dungeon |   3492 |   3382 |    110 |   1442 |   1549 |   3 | 1164.0 |
               +--------+--------+--------+--------+--------+-----+--------+

Top non-repeatable levels by time:
     D:2: 1522 daAuts
     D:3: 1085 daAuts
     D:1: 884 daAuts
